 Dungeon Crawl Stone Soup version 0.28-a0-519-gbfeecf2fc5 (webtiles) character file.

Game seed: 380901929585825636

165349 Flogoulo the Warrior (level 17, 0/210 HPs)
             Began as a Troll Chaos Knight on Sept 23, 2021.
             Was a Plaything of Xom.
             Slain by the 27-headed Lernaean hydra (11 damage)
             ... on level 3 of the Swamp.
             The game lasted 01:18:35 (27650 turns).

Flogoulo the Warrior (Troll Chaos Knight)          Turns: 27650, Time: 01:18:36

Health: 0/210      AC: 22    Str: 37    XL:     17   Next: 27%
Magic:  17/17      EV: 10    Int:  9    God:    Xom [..*...]
Gold:   1794       SH: 19    Dex: 24    Spells: 16/16 levels left

rFire   + + .      SeeInvis +   w - +7 eveningstar "Dimuz Qenk" {freeze, *Corrode Int+3 Dex+5}
rCold   . . .      Faith    .   L - +0 kite shield
rNeg    . . .      Spirit   .   S - +0 swamp dragon scales
rPois   +          Reflect  +   U - +2 hat {Stlth+}
rElec   .          Harm     .   Q - +2 cloak of the Tundras {Regen+ Dex+6}
rCorr   .          Rampage  .   (gloves unavailable)
Will    +++..      Clarity  +   (boots unavailable)
Stlth   +++++++...              B - amulet of reflection
HPRegen 2.45/turn               E - ring "Fiyt Ymn" {rF+ Will+ Dex-2 SInv}
MPRegen 0.15/turn               l - +6 ring of strength

@: mighty, studying Armour, unable to read
A: large, unfitting armour, claws 3, regeneration 1, shaggy fur 1, tough skin 1,
antennae 1, talons 1, iridescent scales 3, thin skeletal structure 3, camouflage
1, see invisible, clarity, deterioration 1, dopey 1, fire resistance 1, high mp
1, strong-willed 1, poison resistance, robust 1, strong 1, wild magic 3,
evolution 1, inability to read while threatened, MP-powered wands, sturdy frame
1
a: Renounce Religion


You were on level 3 of the Swamp.
You worshipped Xom.
You were a toy of Xom.
You visited 5 branches of the dungeon, and saw 28 of its levels.
You also visited: Sewer, Bailey and Gauntlet.

You collected 3651 gold pieces.
You spent 1857 gold pieces at shops.

Inventory:

Hand Weapons
 c - a +3 vampiric morningstar
 w - the +7 eveningstar "Dimuz Qenk" (weapon) {freeze, *Corrode Int+3 Dex+5}
   (You acquired it on level 1 of the Swamp)

   It freezes those it strikes, dealing additional cold damage.
   It can also slow down cold-blooded creatures.
   Int:       It affects your intelligence (+3).
   Dex:       It affects your dexterity (+5).
   *Corrode:  It may corrode you when you take damage.
Missiles
 h - 42 large rocks (quivered)
 G - 6 throwing nets
Armour
 L - a +0 kite shield (worn)
 Q - the +2 cloak of the Tundras (worn) {Regen+ Dex+6}
   (You acquired it on level 6 of the Dungeon)

   Dex:       It affects your dexterity (+6).
   Regen:     It increases your rate of health regeneration.
 S - +0 swamp dragon scales (worn)
 U - a +2 hat of stealth (worn)
Jewellery
 e - a ring of resist corrosion
 l - a +6 ring of strength (right claw)
 B - an amulet of reflection (around neck)
 E - the ring "Fiyt Ymn" (left claw) {rF+ Will+ Dex-2 SInv}
   (You found it in a Gauntlet)

   [ring of see invisible]

   Dex:       It affects your dexterity (-2).
   rF:        It protects you from fire.
   SInv:      It lets you see invisible.
   Will:      It increases your willpower.
 I - a ring of fire
 K - a ring of willpower
 P - a ring of protection from cold
 R - a ring of protection from cold
Wands
 y - a wand of polymorph (15)
 D - a wand of charming (32)
 F - a wand of iceblast (18)
 H - a wand of mindburst (18)
 N - a wand of paralysis (23)
 O - a wand of digging (7)
 Z - a wand of acid (22)
Scrolls
 a - 6 scrolls of noise
 d - 6 scrolls of vulnerability
 k - 5 scrolls of fear
 m - 3 scrolls of fog
 o - 5 scrolls of amnesia
 p - 9 scrolls of teleportation
 r - 3 scrolls of blinking
 s - 4 scrolls of enchant armour
 v - 3 scrolls of magic mapping
 x - 3 scrolls of summoning
 J - a scroll of holy word {unknown}
 W - 6 scrolls of enchant weapon
 X - a scroll of torment {unknown}
Potions
 b - 2 potions of invisibility
 f - 6 potions of heal wounds
 g - 3 potions of might
 i - 9 potions of mutation
 j - 8 potions of cancellation
 n - 4 potions of ambrosia
 q - 7 potions of flight
 t - 7 potions of brilliance
 u - 17 potions of curing
 z - 5 potions of haste
 A - 5 potions of lignification
 C - 2 potions of berserk rage {unknown}
 M - 2 potions of resistance
 V - 4 potions of attraction
 Y - a potion of magic
Miscellaneous
 T - a condenser vane (inert)


   Skills:
 + Level 17.2 Fighting
 + Level 16.8 Maces & Flails
 + Level 4.8 Throwing
 + Level 6.5 Armour
 - Level 2.0 Dodging
 - Level 13.0 Shields


You had 16 spell levels left.
You didn't know any spells.
Your spell library contained the following spells:

 Spells                   Type           Power      Damage    Failure   Level
 Animate Skeleton         Necr           0%         N/A       67%         1
 Foxfire                  Conj/Fire      0%         2x1d4     67%         1
 Pain                     Necr           0%         1d4       67%         1
 Blink                    Tloc           N/A        N/A       80%         2
 Passwall                 Tmut/Erth      0%         N/A       80%         2
 Scorch                   Fire           0%         2d5       80%         2
 Slow                     Hex            0%         N/A       80%         2
 Call Canine Familiar     Summ           0%         N/A       94%         3
 Confusing Touch          Hex            0%         N/A       94%         3
 Conjure Flame            Conj/Fire      0%         6-21      94%         3
 Gell's Gravitas          Tloc           0%         N/A       94%         3
 Ignite Poison            Fire/Tmut/Pois 0%         N/A       94%         3
 Inner Flame              Hex/Fire       0%         N/A       94%         3
 Lesser Beckoning         Tloc           0%         N/A       94%         3
 Portal Projectile        Hex/Tloc       0%         N/A       94%         3
 Teleport Other           Tloc           0%         N/A       94%         3
 Tukima's Dance           Hex            0%         N/A       94%         3
 Vampiric Draining        Necr           0%         2d6       94%         3
 Animate Dead             Necr           0%         N/A       100%        4
 Flame Wave               Conj/Fire      0%         3d3       100%        4
 Leda's Liquefaction      Hex/Erth       0%         N/A       100%        4
 Passage of Golubria      Tloc           N/A        N/A       100%        4
 Petrify                  Tmut/Erth      0%         N/A       100%        4
 Sticky Flame             Conj/Fire      0%         2d3       100%        4
 Summon Ice Beast         Ice/Summ       0%         N/A       100%        4
 Agony                    Necr           0%         N/A       100%        5
 Borgnjor's Vile Clutch   Necr/Erth      0%         N/A       100%        5
 Excruciating Wounds      Necr           0%         N/A       100%        5
 Irradiate                Conj/Tmut      0%         3d13      100%        5
 Manifold Assault         Tloc           0%         N/A       100%        5
 Metabolic Englaciation   Hex/Ice        0%         N/A       100%        5
 Yara's Violent Unravell  Hex/Tmut       0%         3d3       100%        5
 Death Channel            Necr           0%         N/A       100%        6
 Dispersal                Tloc           0%         N/A       100%        6
 Invisibility             Hex            0%         N/A       100%        6
 Summon Cactus Giant      Summ           0%         N/A       100%        6
 Disjunction              Tloc           0%         N/A       100%        8
 Lehudib's Crystal Spear  Conj/Erth      0%         10d2      100%        8


Dungeon Overview and Level Annotations

Branches:
Dungeon (15/15)            Temple (0/1) D:5            Lair (6/6) D:11
  Swamp (4/4) Lair:3       Spider (0/4) Lair:2        Slime (0/5) Lair:5
    Orc (2/2) D:9             Elf (0/3) Orc:2        Vaults (0/5) D:13
 Depths (1/4) D:15          Sewer (visited)          Bailey (visited)
Gauntlet (visited)

Altars:
Gozag
Kikubaaqudgha
Nemelex Xobeh
Okawaru
Qazlal
Wu Jian
Xom
The Shining One
Beogh
Jiyva

Shops:
D:2 *   D:6 *   Orc:2 *([!=

Portals:
Ziggurat: Depths:1
Trove: D:10 (give +6 ice dragon scales)

Annotations:
Swamp:3 Lernaean hydra


Innate Abilities, Weirdness & Mutations

You are too large for most types of armour.
You have claws for hands.
Your natural rate of healing is unusually fast.
You are covered in fur. (AC +1)
You have tough skin. (AC +1)
You have a pair of small antennae on your head.
You have sharp toenails.
You are completely covered in iridescent scales. (AC +6)
You have an unnaturally thin skeletal structure. (Dex +6, Stealth+++)
Your skin changes colour to match your surroundings (Stealth+).
You have supernaturally acute eyesight. (SInv)
You possess an exceptional clarity of mind.
Your body sometimes deteriorates upon taking damage.
You are dopey. (Int -2)
Your flesh is heat resistant. (rF+)
You have an increased reservoir of magic. (+10% MP)
You are strong-willed. (Will+)
Your system is resistant to poisons. (rPois)
You are robust. (+10% HP)
Your muscles are strong. (Str +2)
Your spells are much harder to cast, but much more powerful.
You have hidden genetic potential.
You sometimes lose the ability to read scrolls when taking damage.
You expend magic power (3 MP) to strengthen your wands.
Your movements are slightly less encumbered by armour. (ER -2)


Message History

The 27-headed Lernaean hydra bites you!
* * * LOW HITPOINT WARNING * * *
You block the 27-headed Lernaean hydra's attack.
The 27-headed Lernaean hydra bites you but does no damage.
You block the 27-headed Lernaean hydra's attack.
The 27-headed Lernaean hydra closely misses you.
The 27-headed Lernaean hydra bites you but does no damage.
The 27-headed Lernaean hydra bites you!
* * * LOW HITPOINT WARNING * * *
The 27-headed Lernaean hydra bites you but does no damage.
The 27-headed Lernaean hydra bites you!
* * * LOW HITPOINT WARNING * * *
The 27-headed Lernaean hydra bites you but does no damage. x3
The 27-headed Lernaean hydra bites you.
* * * LOW HITPOINT WARNING * * *
The 27-headed Lernaean hydra bites you!
* * * LOW HITPOINT WARNING * * *
The 27-headed Lernaean hydra bites you but does no damage.
The 27-headed Lernaean hydra bites you.
* * * LOW HITPOINT WARNING * * *
The 27-headed Lernaean hydra bites you!
* * * LOW HITPOINT WARNING * * *
The 27-headed Lernaean hydra bites you but does no damage. x5
You impale the 27-headed Lernaean hydra!!
You freeze the 27-headed Lernaean hydra!
You claw the 27-headed Lernaean hydra.
The 27-headed Lernaean hydra is almost dead.
You barely miss the 27-headed Lernaean hydra.
You claw the 27-headed Lernaean hydra!
The 27-headed Lernaean hydra is almost dead.
You are no longer corroded.
The 27-headed Lernaean hydra barely misses you.
You block the 27-headed Lernaean hydra's attack.
The 27-headed Lernaean hydra bites you but does no damage. x4
You block the 27-headed Lernaean hydra's attack. x2
The 27-headed Lernaean hydra barely misses you.
The 27-headed Lernaean hydra bites you but does no damage. x3
The 27-headed Lernaean hydra bites you!
You die...
Xom yawns loudly!

♣♣♣≈≈≈≈≈...♣........♣♣♣
♣ ♣.≈≈≈≈≈≈♣♣♣.≈....♣♣≈♣♣
♣♣♣♣≈≈§....♣♣..♣≈≈.♣...♣
♣≈≈♣♣≈≈.≈♣♣♣..≈♣♣≈..≈.♣♣
♣≈≈≈♣≈≈..♣ ♣♣.≈.♣♣..≈.♣♣
≈≈≈≈♣♣♣..♣♣♣♣.....♣≈..≈♣
≈≈≈≈♣ ♣.≈..♣♣♣.≈≈...≈≈♣♣
≈≈≈♣♣ ♣♣.≈≈.♣≈.≈..♣≈♣♣♣
♣≈♣♣ ♣♣♣.≈..≈..@≈.♣♣♣
♣.≈♣♣♣♣.≈.≈...♣♣D.§..♣♣
.÷.(≈♣.....≈≈.≈♣§§§..≈♣
.>..♣..≈.###≈...§§♣♣≈≈♣♣
.....≈.≈.#.......≈♣(...♣
......≈..#.......≈♣♣≈≈♣♣
♣≈♣≈≈≈.(.#.....≈.≈.♣♣♣♣
♣≈≈.≈≈≈..#.......#.≈♣♣
♣≈♣♣≈≈≈).#..........≈♣♣


You could see the 27-headed Lernaean hydra (slow).

Vanquished Creatures
  Nikola (Swamp:3)
  Rupert (D:15)
  Kirke (D:15)
  3 thorn hunters
  Gastronok (Lair:2)
  An orc warlord (Orc:2)
  A stone giant (D:15)
  3 bunyips
  2 dire elephants (Swamp:1)
  A minotaur (Gauntlet)
  An ettin (Orc:1)
  4 eleionomae
  Josephine (D:15)
  Harold (D:8)
  The ghost of whitenoisemaker the Carver, a journeyman HuFi of Makhleb (Lair:2)
  A shambling mangrove (Swamp:2)
  2 rakshasas
  Fannar (Lair:1)
  A boulder beetle (shapeshifter) (D:14)
  22 hydras
  An ogre mage (D:13)
  4 ghost crabs
  8 boulder beetles
  A merfolk avatar (Lair:6)
  7 centaur warriors
  The ghost of inmateoo the Fighter, a novice HOGl of Okawaru (D:9)
  10 two-headed ogres
  2 death scarabs (Gauntlet)
  11 alligators
  A spriggan berserker (Swamp:4)
  3 deep troll earth magi (Depths:1)
  3 tengu warriors
  5 death yaks
  An orc high priest (Orc:2)
  A deep elf knight (Swamp:1)
  3 iron trolls
  6 spriggans
  A sea snake (Lair:6)
  5 skeletal warriors
  A spectral death yak (Gauntlet)
  6 goliath frogs
  3 bog bodies
  5 deep trolls
  A deep elf archer (Swamp:1)
  A spriggan druid (Swamp:2)
  9 swamp dragons
  6 orc knights
  2 harpies (Lair:6)
  A wizard (Gauntlet)
  A necromancer (Gauntlet)
  4 manticores
  2 orc sorcerers (Orc:2)
  6 ugly things
  2 oklob plants
  A will-o-the-wisp (Lair:3)
  A water nymph (Swamp:1)
  8 cyclopes
  A shining eye (shapeshifter) (D:9)
  4 black mambas
  18 elephants
  15 cane toads
  4 centaur skeletons (D:13)
  A gargoyle (D:11)
  Maggie (Lair:1)
  2 kobold demonologists (D:10)
  A rime drake (shapeshifter) (D:3)
  11 komodo dragons
  3 rime drakes
  A yaktaur (Lair:6)
  A tengu conjurer (D:14)
  4 polar bears
  A bloated husk (Swamp:2)
  2 wind drakes (Lair:6)
  8 tyrant leeches
  8 trolls
  5 slime creatures (D:15)
  6 hornets
  A raiju (Swamp:1)
  29 blink frogs
  A dream sheep (shapeshifter) (D:15)
  A spectral dream sheep (Gauntlet)
  A spectral black mamba (Gauntlet)
  A snapping turtle (Lair:6)
  Sigmund (D:6)
  5 shadows
  A vampire (D:11)
  5 wraiths
  9 wyverns
  40 yaks
  5 hogs (D:15)
  A hog (shapeshifter) (Lair:2)
  A spectral komodo dragon (Gauntlet)
  3 basilisks
  2 two-headed ogre zombies (D:9)
  3 steam dragons
  13 swamp worms
  16 vampire mosquitoes
  2 wargs
  4 acid dragons
  16 water moccasins
  2 ice beasts
  7 swamp drakes
  2 black bears
  38 orc warriors
  2 necrophages (D:6)
  A hornet zombie (D:9)
  9 ogres
  26 centaurs
  28 wolves
  3 phantoms
  4 kobold brigands
  10 bullfrogs
  3 scorpions
  A gnoll sergeant (D:10)
  2 wyvern zombies
  A water moccasin zombie (D:6)
  Dowan (D:4)
  3 troll zombies (D:9)
  2 killer bees
  15 wights
  4 howler monkeys
  3 centaur zombies
  A gnoll shaman (D:10)
  2 bullfrog skeletons
  20 orc priests
  3 hounds
  A jelly (D:6)
  3 iguanas
  Terence (D:3)
  Natasha (thrice) (D:2)
  22 orc wizards
  A scorpion zombie (D:5)
  3 ogre zombies (D:9)
  10 adders
  A river rat (Sewer)
  2 shadow imps (Gauntlet)
  An ufetubus (D:6)
  An adder skeleton (D:4)
  3 worms
  2 dart slugs (D:1)
  103 orcs
  6 bats
  7 endoplasms
  10 goblins
  5 hobgoblins
  3 jackals (D:4)
  5 quokkas
  12 ball pythons
  2 frilled lizards
  2 goblin skeletons (D:9)
  A goblin zombie (D:9)
  A hobgoblin skeleton (D:9)
  A hobgoblin zombie (D:9)
  13 kobolds
  An orc skeleton (D:9)
  19 orc zombies (D:9)
  6 rats
  2 briar patches (Swamp:4)
888 creatures vanquished.

Vanquished Creatures (collateral kills)
  A death yak (Lair:3)
  A guardian mummy (D:10)
  A blink frog (Lair:3)
  An orc warrior (Orc:1)
  2 wolves
  4 orcs (Orc:1)
10 creatures vanquished.

Vanquished Creatures (others)
  A hydra (Swamp:4)
  A will-o-the-wisp (Swamp:3)
  A torpor snail (Lair:3)
  A komodo dragon (Lair:3)
  A bloated husk (Swamp:3)
  4 yaks (Lair:1)
  A wolf (Lair:6)
  A vampire mosquito (Swamp:3)
  An acid dragon (D:10)
  A kobold (D:10)
  A rat (D:1)
  A bush (Lair:6)
  4 foxfires (Swamp:3)
  32 fungi
  52 plants
  16 withered plants (Gauntlet)
119 creatures vanquished.

Grand Total: 1017 creatures vanquished

Notes
Turn   | Place    | Note
-------+----------+-------------------------------------------
     0 | D:1      | Flogoulo the Troll Chaos Knight began the quest for the
                  | Orb.
     0 | D:1      | Reached XP level 1. HP: 22/22 MP: 0/0
   153 | D:1      | Reached XP level 2. HP: 29/29 MP: 1/1
   193 | D:1      | Reached skill level 3 in Fighting
   201 | D:1      | XOM: silly message
   501 | D:1      | XOM: silly message
   589 | D:2      | XOM: potion effect (might)
   591 | D:2      | XOM: silly message
   604 | D:2      | Noticed Natasha
   608 | D:2      | Killed Natasha
   609 | D:2      | Reached XP level 3. HP: 37/37 MP: 2/2
   648 | D:2      | Found Dolik's General Store.
   648 | D:2      | XOM: 1-stop teleportation journey
   655 | D:2      | XOM: smoke on damage
   675 | D:2      | Bought a scroll of magic mapping for 35 gold pieces
   722 | D:2      | Noticed Natasha
   723 | D:2      | XOM: confusion (+ monsters)
   736 | D:2      | Killed Natasha
   737 | D:2      | Reached XP level 4. HP: 48/48 MP: 3/3
   858 | D:2      | Noticed Natasha
   877 | D:2      | XOM: noise
   888 | D:2      | XOM: confuse monster(s)
   901 | D:2      | Killed Natasha
   902 | D:2      | Reached skill level 4 in Fighting
   930 | D:2      | XOM: give mutations
   930 | D:2      | Gained mutation: Your body sometimes deteriorates upon
                  | taking damage. [Xom's mischief]
   930 | D:2      | Gained mutation: Armour fits poorly on your strangely
                  | shaped body. [Xom's mischief]
   930 | D:2      | Gained mutation: You are clumsy. (Dex -2) [Xom's mischief]
  1430 | D:3      | Noticed Terence
  1437 | D:3      | Killed Terence
  1438 | D:3      | Reached XP level 5. HP: 47/54 MP: 4/4
  1570 | D:3      | XOM: butterfly on damage
  1640 | D:3      | XOM: give mutations
  1640 | D:3      | Gained mutation: You are very clumsy. (Dex -4) [Xom's
                  | mischief]
  1640 | D:3      | Gained mutation: You sometimes lose the ability to read
                  | scrolls when taking damage. [Xom's mischief]
  1640 | D:3      | Gained mutation: You are robust. (+10% HP) [Xom's mischief]
  1640 | D:3      | Lost mutation: You are very clumsy. (Dex -4) [Xom's
                  | mischief]
  1663 | D:3      | Found a faded altar of an unknown god.
  1971 | D:4      | Noticed Duvessa
  1971 | D:4      | Noticed Dowan
  1992 | D:4      | Noticed Duvessa
  1992 | D:4      | Duvessa changed into Duvessa the shapeshifter
  1992 | D:4      | XOM: polymorph Duvessa -> Duvessa the shapeshifter
  1992 | D:4      | Noticed Duvessa
  1992 | D:4      | Duvessa the shapeshifter changed into Duvessa the orb
                  | spider
  1993 | D:4      | XOM: enchant monster (good)
  1996 | D:4      | Duvessa the orb spider changed into something unseen
  2001 | D:4      | Noticed Duvessa
  2015 | D:3      | Noticed Duvessa
  2015 | D:3      | Duvessa the yaktaur changed into Duvessa the cane toad
  2022 | D:3      | Noticed Duvessa
  2022 | D:3      | Duvessa the cane toad changed into Duvessa the black bear
  2029 | D:3      | Noticed Duvessa
  2029 | D:3      | Duvessa the black bear changed into Duvessa the naga
  2039 | D:3      | Noticed Duvessa
  2039 | D:3      | Duvessa the naga changed into Duvessa the rime drake
  2087 | D:3      | XOM: butterfly on damage
  2089 | D:3      | Killed Duvessa the rime drake
  2090 | D:3      | Reached skill level 5 in Fighting
  2090 | D:3      | Reached XP level 6. HP: 40/72 MP: 5/5
  2201 | D:4      | Killed Dowan
  2202 | D:4      | Reached XP level 7. HP: 81/81 MP: 6/6
  2392 | D:4      | Reached skill level 6 in Fighting
  2392 | D:4      | Reached skill level 5 in Maces & Flails
  2465 | D:4      | XOM: polymorph adder -> frilled lizard
  2661 | D:5      | Entered Level 5 of the Dungeon
  2686 | D:5      | XOM: draining
  2719 | D:5      | Found a glowing drain.
  2728 | Sewer    | Entered a sewer
  2825 | Sewer    | XOM: god gift: scale mail {god gift}
  2832 | Sewer    | Reached XP level 8. HP: 80/87 MP: 7/7
  2990 | Sewer    | Reached skill level 7 in Fighting
  3491 | D:5      | XOM: give mutations
  3491 | D:5      | Lost mutation: You sometimes lose the ability to read
                  | scrolls when taking damage. [Xom's mischief]
  3491 | D:5      | Gained mutation: You sometimes lose the ability to read
                  | scrolls when taking damage. [Xom's mischief]
  3491 | D:5      | Gained mutation: You are somewhat resistant to further
                  | mutation. [Xom's mischief]
  3491 | D:5      | Gained mutation: You are dopey. (Int -2) [Xom's mischief]
  3683 | D:5      | Found a staircase to the Ecumenical Temple.
  3704 | D:5      | Noticed Pikel
  3710 | D:5      | Noticed Pikel
  3710 | D:5      | Pikel changed into Pikel the black bear
  3710 | D:5      | XOM: polymorph Pikel -> Pikel the black bear
  3710 | D:5      | XOM: smoke on damage
  3716 | D:5      | Killed Pikel the black bear
  3971 | D:6      | Found an opulent altar of Gozag.
  3981 | D:6      | Noticed Sigmund
  3991 | D:6      | Killed Sigmund
  3992 | D:6      | Reached skill level 8 in Fighting
  4111 | D:6      | XOM: 2-stop teleportation journey
  4126 | D:6      | Reached XP level 9. HP: 103/106 MP: 8/8
  4304 | D:6      | XOM: god gift: Xom's Tome of Victory {god gift}
  4308 | D:6      | Reached skill level 9 in Fighting
  4336 | D:6      | Got Xom's Tome of Victory {god gift}
  4483 | D:6      | Found Ynoamus's General Store.
  4500 | D:6      | XOM is BORED!
  4500 | D:6      | XOM: stat loss: -1 Str (30/31)
  4574 | D:2      | Bought a scroll of teleportation for 30 gold pieces
  4737 | D:6      | XOM: give mutations
  4737 | D:6      | Gained mutation: Your spells are a little harder to cast,
                  | but a little more powerful. [Xom's grace]
  4737 | D:6      | Gained mutation: You have sharp toenails. [Xom's grace]
  4783 | D:6      | Found an iron altar of Okawaru.
  4818 | D:6      | XOM: god gift: 13 stones
  5389 | D:7      | Reached skill level 10 in Fighting
  5630 | D:7      | XOM: god gift: 59 gold pieces
  6202 | D:8      | Paralysed by a hornet for 2 turns
  6210 | D:8      | Paralysed by a hornet for 3 turns
  6212 | D:8      | XOM: potion effect (invisibility)
  6212 | D:8      | HP: 3/111 [hornet (12)]
  6216 | D:8      | Reached XP level 10. HP: 28/122 MP: 9/9
  6269 | D:8      | XOM: god gift: ring mail {god gift}
  6350 | D:8      | Noticed Harold
  6350 | D:8      | XOM: enchant monster (good)
  6352 | D:8      | XOM: silly message
  6370 | D:8      | Killed Harold
  6408 | D:8      | Noticed a two-headed ogre
  6425 | D:8      | Killed a two-headed ogre
  6426 | D:8      | Reached skill level 11 in Fighting
  6544 | D:8      | XOM: 1-stop teleportation journey
  6668 | D:8      | XOM: silly message
  7070 | D:9      | XOM: enchant monster (bad)
  7082 | D:9      | XOM: fog
  7214 | D:9      | XOM: enchant monster (bad)
  7291 | D:9      | Found a staircase to the Orcish Mines.
  7438 | D:9      | Noticed an oklob plant
  7439 | D:9      | Found a transporter.
  7456 | D:9      | Found a transporter.
  7459 | D:9      | Noticed a cyclops
  7462 | D:9      | Noticed inmateoo's ghost (novice HOGl)
  7467 | D:9      | Noticed a two-headed ogre
  7476 | D:9      | Killed a two-headed ogre
  7477 | D:9      | Reached skill level 1 in Shields
  7610 | D:9      | XOM: silly message
  7766 | D:9      | Noticed a cane toad
  7776 | D:9      | Noticed an orb spider
  7822 | D:9      | XOM: silly message
  7832 | D:9      | Reached XP level 11. HP: 135/135 MP: 10/10
  8045 | D:9      | XOM: torment (69/135 hp)
  8252 | D:9      | XOM is BORED!
  8264 | D:10     | Entered Level 10 of the Dungeon
  8421 | D:10     | Noticed a two-headed ogre
  8446 | D:10     | XOM: fake destruction
  8454 | D:10     | XOM: cleaving
  8632 | D:10     | XOM: god gift: twisted emerald ring {god gift}
  8754 | D:10     | XOM: divine lightning
  8772 | D:10     | Noticed a centaur warrior
  8814 | D:10     | Reached skill level 12 in Fighting
  8816 | D:10     | Noticed a rakshasa
  8820 | D:10     | Killed a rakshasa
  8826 | D:10     | HP: 2/135 [two-headed ogre (26)]
  8830 | D:10     | XOM: god gift: wand of paralysis (6)
  8839 | D:10     | Killed a two-headed ogre
  8840 | D:10     | Reached skill level 10 in Maces & Flails
  8968 | D:10     | XOM: destruction
  8975 | D:10     | Killed a centaur warrior
  9009 | D:10     | Noticed a two-headed ogre
  9009 | D:10     | XOM: 2-stop teleportation journey
  9032 | D:10     | XOM: scenery: summon butterflies
  9034 | D:10     | XOM: blink monster(s)
  9045 | D:10     | Killed a two-headed ogre
  9067 | D:10     | XOM: stat loss: -1 Dex (6/7)
  9149 | D:10     | Found a portal to a secret trove of treasure.
  9152 | D:10     | XOM: summons 3 friendly demons
  9267 | D:10     | Found a sparkling altar of Nemelex Xobeh.
  9267 | D:10     | Found a glowing golden altar of the Shining One.
  9326 | D:10     | Found an ornate altar of the Wu Jian Council.
  9328 | D:10     | Found an ancient bone altar of Kikubaaqudgha.
  9330 | D:10     | Found a stormy altar of Qazlal.
  9337 | D:10     | XOM is BORED!
  9337 | D:10     | XOM: stat loss: -1 Dex (5/7)
  9438 | D:10     | XOM: give mutations
  9438 | D:10     | Gained mutation: Your spells are harder to cast, but more
                  | powerful. [Xom's grace]
  9438 | D:10     | Gained mutation: Your system is resistant to poisons.
                  | (rPois) [Xom's grace]
  9496 | D:10     | Noticed a two-headed ogre
  9517 | D:10     | Killed a two-headed ogre
  9579 | D:10     | XOM: god gift: 21 stones
  9638 | D:10     | XOM: blink monster(s)
 10021 | D:2      | Bought a wand of digging (5) for 180 gold pieces
 10145 | D:8      | XOM: stat loss: -1 Int (5/6)
 10210 | D:10     | Identified the +7 war axe of the Tomato {drain, rPois rF+
                  | rN+ Stlth-}
 10239 | D:10     | Reached skill level 5 in Shields
 10381 | D:11     | Noticed a boulder beetle
 10395 | D:11     | Killed a boulder beetle
 10400 | D:11     | Reached XP level 12. HP: 144/146 MP: 11/11
 10419 | D:11     | Found a staircase to the Lair.
 10618 | D:11     | Noticed a seven-headed hydra
 10626 | D:11     | Killed a seven-headed hydra
 10856 | D:11     | XOM: blink monster(s)
 11063 | Lair:1   | Entered Level 1 of the Lair of Beasts
 11107 | Lair:1   | XOM: silly message
 11121 | Lair:1   | XOM: smoke on damage
 11228 | Lair:1   | XOM: 1-stop teleportation journey
 11242 | Lair:1   | XOM: confusion
 11262 | Lair:1   | XOM: divine lightning
 11263 | Lair:1   | Reached skill level 13 in Fighting
 11271 | Lair:1   | Noticed Fannar
 11277 | Lair:1   | XOM: summons 3 friendly demons
 11279 | Lair:1   | XOM: confusion (+ monsters)
 11300 | Lair:1   | Killed Fannar
 11386 | Lair:1   | Noticed Maggie
 11391 | Lair:1   | XOM: cleaving
 11394 | Lair:1   | XOM: noise
 11397 | Lair:1   | Killed Maggie
 11527 | Lair:1   | XOM: give mutations
 11527 | Lair:1   | Gained mutation: You are very dopey. (Int -4) [Xom's
                  | mischief]
 11527 | Lair:1   | Lost mutation: You are somewhat resistant to further
                  | mutation. [Xom's mischief]
 11735 | Lair:1   | XOM: summons 3 hostile shadow creatures
 12052 | Lair:2   | Found a hole to the Spider Nest.
 12054 | Lair:2   | Noticed whitenoisemaker's ghost (journeyman HuFi)
 12062 | Lair:2   | Found a runed translucent door.
 12139 | Lair:2   | Noticed a seven-headed hydra
 12146 | Lair:2   | Killed a seven-headed hydra
 12184 | Lair:2   | XOM: give mutations
 12184 | Lair:2   | Gained mutation: You have a pair of small antennae on your
                  | head. [Xom's grace]
 12184 | Lair:2   | Gained mutation: Your spells are much harder to cast, but
                  | much more powerful. [Xom's grace]
 12184 | Lair:2   | Gained mutation: You are strong-willed. (Will+) [Xom's
                  | grace]
 12184 | Lair:2   | Gained mutation: You expend magic power (3 MP) to
                  | strengthen your wands. [Xom's grace]
 12258 | Lair:2   | XOM: god gift: wand of charming (12)
 12266 | Lair:2   | XOM: polymorph yak -> shapeshifter
 12330 | Lair:2   | XOM: fake destruction
 12906 | Lair:3   | Noticed Gastronok
 12917 | Lair:2   | Killed Gastronok
 12984 | Lair:3   | XOM: polymorph blink frog -> rime drake
 13043 | Lair:3   | XOM: scenery: summon butterflies
 13054 | Lair:3   | Reached XP level 13. HP: 147/158 MP: 12/12
 13113 | Lair:3   | XOM: summons friendly crimson imp
 13154 | Lair:3   | XOM: fake destruction
 13181 | Lair:3   | XOM: fog
 13187 | Lair:3   | XOM: scenery: create altars
 13249 | Lair:3   | XOM: scenery: 1 doors open
 13630 | Lair:3   | XOM: summons 12 friendly demons
 13719 | Lair:3   | XOM: scenery: create altars
 13727 | Lair:3   | Found a staircase to the Swamp.
 13727 | Lair:3   | XOM: 4-stop teleportation journey
 13777 | Lair:3   | Got the Incunabulum of Warped Beguiling
 13800 | Lair:3   | XOM: fog
 13856 | Lair:3   | XOM: scenery: create altars
 13861 | Lair:3   | XOM: summons 6 friendly demons
 13946 | Lair:3   | XOM: 7-stop teleportation journey
 13955 | Lair:3   | XOM: give mutations
 13955 | Lair:3   | Gained mutation: You have a somewhat thin skeletal
                  | structure. (Dex +2, Stealth+) [Xom's grace]
 13955 | Lair:3   | Gained mutation: You are partially covered in iridescent
                  | scales. (AC +2) [Xom's grace]
 13955 | Lair:3   | Gained mutation: You possess an exceptional clarity of
                  | mind. [Xom's grace]
 13955 | Lair:3   | Gained mutation: Your muscles are strong. (Str +2) [Xom's
                  | grace]
 14045 | Lair:3   | XOM: give mutations
 14045 | Lair:3   | Lost mutation: You are clumsy. (Dex -2) [Xom's grace]
 14045 | Lair:3   | Gained mutation: You have razor-sharp toenails. [Xom's
                  | grace]
 14045 | Lair:3   | Lost mutation: You are very dopey. (Int -4) [Xom's grace]
 14045 | Lair:3   | Gained mutation: You have supernaturally acute eyesight.
                  | (SInv) [Xom's grace]
 14050 | Lair:3   | Reached skill level 14 in Fighting
 14073 | Lair:3   | XOM: divine lightning
 14240 | Lair:3   | XOM: divine lightning
 14433 | Lair:4   | XOM: give mutations
 14433 | Lair:4   | Gained mutation: Your movements are slightly less
                  | encumbered by armour. (ER -2) [Xom's grace]
 14433 | Lair:4   | Gained mutation: You have a moderately thin skeletal
                  | structure. (Dex +4, Stealth++) [Xom's grace]
 14433 | Lair:4   | Gained mutation: You are mostly covered in iridescent
                  | scales. (AC +4) [Xom's grace]
 14433 | Lair:4   | Gained mutation: You are completely covered in iridescent
                  | scales. (AC +6) [Xom's grace]
 14618 | Lair:4   | XOM: cast spell 'Death Channel'
 14641 | Lair:4   | XOM: 4-stop teleportation journey
 14779 | Lair:4   | XOM: noise
 15023 | Lair:4   | Found an ornate altar of the Wu Jian Council.
 15054 | Lair:4   | XOM: give mutations
 15054 | Lair:4   | Gained mutation: You have an unnaturally thin skeletal
                  | structure. (Dex +6, Stealth+++) [Xom's grace]
 15054 | Lair:4   | Gained mutation: You are agile. (Dex +2) [Xom's grace]
 15054 | Lair:4   | Gained mutation: You have an increased reservoir of magic.
                  | (+10% MP) [Xom's grace]
 15115 | Lair:4   | XOM: destruction
 15340 | Lair:5   | XOM: 8-stop teleportation journey
 15427 | Lair:5   | Found a viscous altar of Jiyva.
 15428 | Lair:5   | Found a staircase to the Slime Pits.
 15550 | Lair:5   | XOM: 8-stop teleportation journey
 15855 | Lair:5   | XOM is BORED!
 15855 | Lair:5   | XOM: give mutations
 15855 | Lair:5   | Lost mutation: You are robust. (+10% HP) [Xom's mischief]
 15855 | Lair:5   | Lost mutation: Your system is resistant to poisons. (rPois)
                  | [Xom's mischief]
 15855 | Lair:5   | Lost mutation: Armour fits poorly on your strangely shaped
                  | body. [Xom's mischief]
 15893 | Lair:5   | XOM: cleaving
 16067 | Lair:5   | Got the Papyrus of Clay and Unholy Rites
 16196 | Lair:5   | XOM: cloud trail
 16224 | Lair:6   | Entered Level 6 of the Lair of Beasts
 16252 | Lair:6   | XOM: cleaving
 16258 | Lair:6   | XOM: cleaving
 16267 | Lair:6   | Reached XP level 14. HP: 157/157 MP: 14/14
 16272 | Lair:6   | XOM: give mutations
 16272 | Lair:6   | Gained mutation: You passively map a small area around you.
                  | [Xom's grace]
 16272 | Lair:6   | Gained mutation: Your system is resistant to poisons.
                  | (rPois) [Xom's grace]
 16272 | Lair:6   | Gained mutation: You have a pair of antennae on your head.
                  | [Xom's grace]
 16272 | Lair:6   | Gained mutation: You are robust. (+10% HP) [Xom's grace]
 16321 | Lair:6   | XOM: summons 2 friendly demons
 16438 | Lair:6   | XOM: god gift: wand of acid (6)
 16501 | Lair:6   | XOM: summons 4 friendly demons
 16524 | Lair:6   | XOM: enchant monster (good)
 16580 | Lair:6   | XOM: confuse monster(s)
 16653 | Lair:6   | XOM: polymorph yak -> yaktaur
 16697 | Lair:6   | XOM: potion effect (curing)
 16885 | Lair:6   | Reached skill level 10 in Shields
 16885 | Lair:6   | XOM: polymorph komodo dragon -> manticore
 16888 | Lair:6   | Reached skill level 15 in Fighting
 16891 | Lair:6   | XOM: summons friendly crimson imp
 17416 | Lair:5   | XOM: scenery: create altars
 17500 | Lair:1   | XOM: divination: detect items
 17624 | D:7      | XOM: divination: detect items
 17732 | D:2      | Bought a scroll of acquirement for 520 gold pieces
 17733 | D:2      | Acquired 619 gold pieces
 17735 | D:2      | Acquired a manual of Armour
 17827 | D:6      | Bought a scroll of acquirement for 780 gold pieces
 17828 | D:6      | Acquired the +2 cloak of the Tundras {Regen+ Dex+6}
 17980 | D:9      | XOM: noise
 17999 | D:9      | XOM: noise
 18014 | D:9      | XOM: divination: magic mapping
 18016 | D:9      | XOM: divination: detect items
 18032 | D:9      | Killed inmateoo's ghost
 18048 | D:9      | XOM: silly message
 18078 | D:9      | XOM: enchant monster (bad)
 18138 | Orc:1    | Entered Level 1 of the Orcish Mines
 18313 | Orc:2    | Entered Level 2 of the Orcish Mines
 18400 | Orc:2    | Found Gupaluc's Jewellery Shoppe.
 18403 | Orc:2    | Found a staircase to the Elven Halls.
 19043 | Orc:2    | Found Ufuinusm's General Store.
 19044 | Orc:2    | XOM: enchant monster (good)
 19128 | Orc:2    | XOM: cleaving
 19132 | Orc:2    | XOM: enchant monster (bad)
 19152 | Orc:2    | Found Tisotesm's Antique Armour Boutique.
 19168 | Orc:2    | Reached XP level 15. HP: 162/183 MP: 15/15
 19199 | Orc:2    | Found Lyrew's Antique Weapon Shop.
 19536 | Orc:2    | Found Vissirph's Distillery.
 19544 | Orc:2    | Bought a potion of heal wounds for 60 gold pieces
 19544 | Orc:2    | Bought a potion of curing for 36 gold pieces
 19544 | Orc:2    | Bought a potion of cancellation for 96 gold pieces
 19544 | Orc:2    | Bought a potion of heal wounds for 60 gold pieces
 19544 | Orc:2    | Bought a potion of heal wounds for 60 gold pieces
 19656 | Orc:2    | XOM: give mutations
 19656 | Orc:2    | Lost mutation: You passively map a small area around you.
                  | [Xom's mischief]
 19656 | Orc:2    | Lost mutation: You have razor-sharp toenails. [Xom's
                  | mischief]
 19656 | Orc:2    | Lost mutation: You have a pair of antennae on your head.
                  | [Xom's mischief]
 19656 | Orc:2    | Lost mutation: You are agile. (Dex +2) [Xom's mischief]
 19755 | D:11     | XOM: god gift: 2 potions of haste
 19781 | Lair:1   | XOM: summons 3 hostile demons
 19839 | Lair:2   | Killed whitenoisemaker's ghost
 19929 | D:12     | XOM: stealth player
 20221 | D:12     | XOM: god gift: 4 large rocks
 20227 | D:12     | XOM: cloud trail
 20231 | D:12     | XOM: god gift: long sword {god gift}
 20342 | D:12     | XOM: scenery: summon butterflies
 20466 | D:12     | XOM: 8-stop teleportation journey
 20638 | D:12     | XOM: smoke on damage
 20705 | D:12     | XOM: silly message
 20792 | D:13     | XOM: swap monsters
 20940 | D:13     | Reached skill level 15 in Maces & Flails
 21075 | D:13     | Found a gate to the Vaults.
 21111 | D:13     | XOM: blink monster(s)
 21114 | D:13     | XOM: swap monsters
 21467 | D:13     | XOM is BORED!
 21543 | D:14     | Reached skill level 16 in Fighting
 21555 | D:14     | XOM: silly message
 21569 | D:14     | Found a gate leading to a gauntlet.
 21578 | Gauntlet | Entered a Gauntlet
 21578 | Gauntlet | Found a transporter.
 21578 | Gauntlet | Found a transporter.
 21578 | Gauntlet | Found a transporter.
 21579 | Gauntlet | Found a transporter.
 21580 | Gauntlet | Found a transporter.
 21584 | Gauntlet | Found a transporter.
 21590 | Gauntlet | Found a transporter.
 21591 | Gauntlet | Found a transporter.
 21592 | Gauntlet | Found a transporter.
 21594 | Gauntlet | Found a transporter.
 21602 | Gauntlet | Found a transporter.
 21603 | Gauntlet | Found a transporter.
 21687 | Gauntlet | XOM: summons 2 friendly demons
 21763 | Gauntlet | Identified the ring "Fiyt Ymn" {rF+ Will+ Dex-2 SInv}
 21851 | D:14     | XOM: swap monsters
 21889 | D:14     | Found a flagged portal.
 21898 | Bailey   | Entered a bailey
 22105 | Bailey   | XOM: potion effect (might)
 22413 | D:14     | XOM: divination: magic mapping
 22566 | D:14     | XOM: 9-stop teleportation journey
 22910 | D:14     | XOM is BORED!
 22910 | D:14     | XOM: silly message
 22921 | D:14     | XOM: silly message
 23034 | D:15     | Entered Level 15 of the Dungeon
 23092 | D:15     | XOM: silly message
 23128 | D:15     | Noticed Josephine
 23142 | D:15     | XOM: potion effect (haste)
 23143 | D:15     | Killed Josephine
 23212 | D:15     | Noticed Rupert
 23220 | D:15     | Killed Rupert
 23359 | D:15     | XOM: summons friendly iron imp
 23370 | D:15     | XOM: polymorph iron imp -> ufetubus
 23383 | D:15     | XOM: divination: magic mapping
 23452 | D:15     | XOM: fog
 23476 | D:15     | Noticed Kirke
 23490 | D:15     | Killed Kirke
 23570 | D:15     | Reached XP level 16. HP: 198/198 MP: 16/16
 23755 | D:15     | Found a staircase to the Depths.
 24024 | D:15     | XOM: fake destruction
 24029 | D:15     | XOM: scenery: summon butterflies
 24329 | Depths:1 | Entered Level 1 of the Depths
 24342 | Depths:1 | XOM: scenery: 1 doors open, 1 doors close
 24408 | D:15     | XOM: scenery: 2 doors close
 24414 | D:15     | XOM: polymorph deep troll -> glowing shapeshifter
 24497 | Depths:1 | Found a gateway to a ziggurat.
 24504 | Depths:1 | XOM: enchant monster (good)
 24514 | Depths:1 | XOM: enchant monster (good)
 24794 | Swamp:1  | Entered Level 1 of the Swamp
 24845 | Swamp:1  | XOM: polymorph swamp worm -> water nymph
 24935 | Swamp:1  | Acquired the +7 eveningstar "Dimuz Qenk" {freeze, *Corrode
                  | Int+3 Dex+5}
 24986 | Swamp:1  | XOM: enchant monster (good)
 25095 | Swamp:1  | XOM: fog
 25165 | Swamp:1  | XOM: summons friendly quasit
 25220 | Swamp:1  | Reached skill level 1 in Armour
 25253 | Swamp:1  | Reached skill level 1 in Throwing
 25612 | Swamp:1  | XOM: give mutation
 25612 | Swamp:1  | Gained mutation: You have hidden genetic potential. [Xom's
                  | grace]
 25757 | Swamp:2  | XOM: summons friendly iron imp
 25770 | Swamp:2  | XOM: polymorph iron imp -> crimson imp
 25794 | Swamp:2  | XOM: cast spell 'Summon Small Mammal'
 25795 | Swamp:2  | XOM: god gift: knobbly iron ring {god gift}
 25798 | Swamp:2  | XOM: confuse monster(s)
 25960 | Swamp:2  | XOM: god gift: potion of ambrosia
 26032 | Swamp:2  | XOM: give mutations
 26032 | Swamp:2  | Gained mutation: Your skin changes colour to match your
                  | surroundings (Stealth+). [Xom's grace]
 26032 | Swamp:2  | Gained mutation: Your flesh is heat resistant. (rF+) [Xom's
                  | grace]
 26041 | Swamp:2  | XOM: fog
 26350 | Swamp:3  | XOM: cast spell 'Chain of Chaos'
 26475 | Swamp:3  | Noticed Nikola
 26482 | Swamp:3  | Reached skill level 17 in Fighting
 26501 | Swamp:3  | Killed Nikola
 26815 | Swamp:4  | Entered Level 4 of the Swamp
 26876 | Swamp:4  | Reached skill level 5 in Armour
 26900 | Swamp:4  | XOM: summons friendly quasit
 26986 | Swamp:4  | XOM: 1-stop teleportation journey
 27012 | Swamp:4  | Reached XP level 17. HP: 194/195 MP: 17/17
 27058 | Swamp:4  | Noticed the 27-headed Lernaean hydra
 27094 | Swamp:4  | XOM: smoke on damage
 27133 | Swamp:4  | XOM: summons friendly iron imp
 27147 | Swamp:4  | XOM: 1-stop teleportation journey
 27154 | Swamp:4  | XOM: confuse monster(s)
 27225 | Swamp:4  | XOM: divination: detect creatures
 27248 | Swamp:4  | XOM: silly message
 27273 | Swamp:4  | XOM: silly message
 27386 | Swamp:4  | XOM: 2-stop teleportation journey
 27403 | Swamp:4  | XOM: 3-stop teleportation journey
 27582 | Swamp:4  | XOM: confuse monster(s)
 27596 | Swamp:4  | XOM: divination: detect items
 27626 | Swamp:4  | XOM: enchant monster (good)
 27634 | Swamp:4  | XOM: silly message
 27648 | Swamp:3  | HP: 8/210 [the 27-headed Lernaean hydra (7)]
 27650 | Swamp:3  | Slain by the 27-headed Lernaean hydra

Illustrated notes

Levels and vault maps discovered:
D:1:      dpeg_arrival_line_fractal, layout_basic
D:2:      layout_basic, serial_shops, shop, minmay_tetromino_l4, uniq_natasha
D:3:      layout_rooms, shapermc_ecumenical_altar_starsandcircs,
          serial_bayou_pond_e, uniq_terence
D:4:      layout_cave_pools, serial_column_ruins, column_ruins_hut,
          column_ruins_square_large, column_ruins_columns_water,
          column_ruins_columns_straight, column_ruins_columns_dead_end,
          column_ruins_open_tiny, column_ruins_open_small, minmay_hedge_maze,
          uniq_duvessa
D:5:      layout_basic, minmay_temple_entry_statues_pillars,
          portal_sewer_entry_d, uniq_pikel
D:6:      layout_loops_ring, okawaru_altar_gauntlet_db, lemuel_crystal_altar,
          serial_shops, shop, uniq_sigmund
D:7:      layout_basic
D:8:      layout_basic, st_stairs_6, uniq_harold
D:9:      layout_loops_corners, zombieorc2_lemuel, nzn_ghost_randoct
D:10:     kennysheep_windowed_halls, layout_loops_cross,
          chequers_temple_overflow_minitemple, nicolae_trove_entry_path_of_doom,
          minivault_22, feat_on_display
D:11:     layout_roguey, david_lair_shrubbed
D:12:     layout_cave_pods
D:13:     layout_loops_ring, hangedman_vaults_entry_quadrant_bands
D:14:     layout_loops_ring, enter_bailey_2, gauntlet_entry_generic,
          chequers_serial_rivers_large_a
D:15:     grunt_enter_depths_snipers, layout_layer_cave,
          chequers_serial_rivers_room_b, uniq_kirke, uniq_rupert, uniq_josephine
Lair:1:   layout_gridlike, serial_bayou_pond_e, uniq_fannar, uniq_maggie
Lair:2:   layout_roguey, spider_nest_entry_web_field,
          hellmonk_ghost_happy_afterlife, beast_lair_carwin_9,
          infiniplex_staircase_pool_2
Lair:3:   layout_cave_pods, minmay_swamp_entry_wisps, grunt_megastairs_4,
          uniq_gastronok
Lair:4:   layout_hall_layers, lemuel_oklob_altar, grunt_megastairs_2,
          infiniplex_staircase_pool
Lair:5:   layout_cave_pods, slime_altar_1
Lair:6:   gammafunk_lair_ancient_temple, layout_small_grid,
          small_statue_intersection
Swamp:1:  layout_basic_swamp, evilmike_swamp_ruin_rubble_2, swamp_pool4,
          beargit_elvish_explorers
Swamp:2:  layout_basic_swamp, evilmike_swamp_ruin_house_4, swamp_pool4
Swamp:3:  layout_basic_swamp, serial_swamp_ruin, evilmike_swamp_ruin_house_2,
          evilmike_swamp_ruin_rubble_1, evilmike_swamp_ruin_house_1,
          swamp_pool4, uniq_nikola
Swamp:4:  swamp_old_school, layout_basic_swamp, swamp_pool2
Orc:1:    layout_diamond_mine, lightli_orcish_oven
Orc:2:    grunt_orc_community_town_hall, layout_caves,
          grunt_orc_community_big_house_1, grunt_orc_community_big_house_1,
          grunt_orc_community_house_3, grunt_orc_community_house_1,
          grunt_orc_community_house_2, grunt_orc_community_house_3,
          serial_shops, shop
Depths:1: layout_gridlike, enter_ziggurat_a, serial_bayou_shore_b,
          ebering_ghost_gozag, hellmouth_1, nicolae_qazlal_eye_of_the_storm,
          uniq_asterion

Skill      XL: |  1  2  3  4  5  6  7  8  9 10 11 12 13 14 15 16 17 |
---------------+----------------------------------------------------+-----
Dodging        | 2 |  2.0
Fighting       | 3 4 5 6 8 10 11 12 13 14 15 16 17 | 17.2
Maces & Flails | 3 4 5 6 8 9 10 12 13 14 15 16 | 16.8
Shields        | 1 5 7 9 10 12 13 | 13.0
Armour         | 5 6 |  6.5
Throwing       | 3 4 |  4.8

Action                   |  1- 3 |  4- 6 |  7- 9 | 10-12 | 13-15 | 16-18 || total
-------------------------+-------+-------+-------+-------+-------+-------++-------
Melee: Mace              |    77 |    96 |   314 |   475 |       |       ||   962
       Kick              |       |       |    18 |   230 |   667 |   296 ||  1211
       Morningstar       |       |       |       |   145 |  1283 |   154 ||  1582
       Eveningstar       |       |       |       |       |       |   356 ||   356
Throw: Dart              |     4 |     5 |     4 |    31 |     6 |       ||    50
       Large rock        |       |       |       |     8 |    20 |    15 ||    43
Evoke: Wand              |       |       |       |     3 |     1 |       ||     4
       Condenser vane    |       |       |       |       |     2 |     1 ||     3
  Use: Scroll            |       |       |     6 |     8 |    10 |     3 ||    27
       Potion            |       |       |     5 |     1 |       |     3 ||     9
 Stab: Sleeping          |     1 |       |       |     1 |    35 |    10 ||    47
       Petrified         |       |       |       |     7 |    17 |     5 ||    29
       Confused          |       |       |       |       |     7 |     3 ||    10
       Distracted        |       |       |       |       |     3 |     2 ||     5
Armor: Robe              |    47 |    42 |    96 |    84 |       |       ||   269
       Swamp dragon scal |       |       |       |    19 |   355 |   273 ||   647
       Acid dragon scale |       |       |       |    19 |       |       ||    19
Dodge: Dodged            |    49 |    43 |   136 |   163 |   304 |   165 ||   860
Block: Other             |       |       |    23 |    33 |       |       ||    56
       Reflection        |       |       |     2 |     7 |    24 |    14 ||    47
       Kite shield       |       |       |       |   300 |   967 |   452 ||  1719

Table legend: (Time is in decaauts)
 A = Elapsed time spent in this place.
 B = Non-inter-level travel time spent in this place.
 C = Inter-level travel time spent in this place.
 D = Time resting spent in this place.
 E = Time spent auto-exploring this place.
 F = Levels seen in this place.
 G = Mean time per level.
                   A        B        C        D        E       F      G
               +--------+--------+--------+--------+--------+-----+--------+
         Total |  27775 |  25018 |   2757 |    524 |  16943 |  31 |  896.0 |
       Dungeon |  15398 |  13245 |   2153 |    332 |   9575 |  15 | 1026.5 |
          Lair |   6637 |   6206 |    431 |    149 |   4139 |   6 | 1106.2 |
         Swamp |   2965 |   2936 |     29 |     43 |   1839 |   4 |  741.2 |
  Orcish Mines |   1500 |   1367 |    133 |      0 |    915 |   2 |  750.0 |
        Depths |    135 |    126 |      9 |      0 |      0 |   1 |  135.0 |
         Sewer |    410 |    410 |      0 |      0 |    226 |   1 |  410.0 |
        Bailey |    500 |    500 |      0 |      0 |    238 |   1 |  500.0 |
      Gauntlet |    227 |    227 |      0 |      0 |     10 |   1 |  227.0 |
               +--------+--------+--------+--------+--------+-----+--------+

Top non-repeatable levels by time:
    D:10: 1771 daAuts
     D:9: 1621 daAuts
  Lair:3: 1376 daAuts
    D:15: 1360 daAuts
     D:7: 1202 daAuts
  Lair:6: 1194 daAuts
     D:5: 1138 daAuts
     D:8: 1097 daAuts
  Lair:4: 1096 daAuts
   Orc:2: 1066 daAuts
  Lair:1: 1045 daAuts
  Lair:2: 1016 daAuts
     D:2: 985 daAuts
     D:6: 947 daAuts
  Lair:5: 908 daAuts
